 Dungeon Crawl Stone Soup version 0.25.1-1-g288607f (webtiles) character file.

Game seed: 12346196402406629636

7 Jonnyslop the Chopper (level 2, 29/29 HPs)
             Began as a Gnoll Berserker on July 21, 2020.
             Was a Follower of Trog.
             Quit the game on level 1 of the Dungeon.
             The game lasted 00:00:18 (220 turns).

Jonnyslop the Chopper (Gnoll Berserker)              Turns: 220, Time: 00:00:19

Health: 29/29      AC:  2    Str: 19    XL:     2   Next: 0%
Magic:  2/2        EV: 14    Int:  9    God:    Trog [*.....]
Gold:   0          SH:  0    Dex: 14    Spells: 1/1 levels left

rFire    . . .     SeeInvis .   a - +0 hand axe
rCold    . . .     Gourm    .   (no shield)
rNeg     . . .     Faith    .   b - +0 animal skin
rPois    .         Spirit   .   (no helmet)
rElec    .         Reflect  .   (no cloak)
rCorr    .         Harm     .   (no gloves)
MR       .....                  (no boots)
Stlth    +.........             (no amulet)
HPRegen  0.09/turn              (no ring)
MPRegen  0.08/turn              (no ring)

@: no status effects
A: distributed training, fangs 1, strong nose
a: Berserk, Renounce Religion


You were on level 1 of the Dungeon.
You worshipped Trog.
Trog was aware of your devotion.
You were not hungry.

You visited 1 branch of the dungeon, and saw 1 of its levels.

Inventory:

Hand Weapons
 a - a +0 hand axe (weapon)
Armour
 b - a +0 animal skin (worn)
Scrolls
 e - a scroll of teleportation {unknown}
Potions
 d - a potion of stabbing {unknown}
Comestibles
 c - a ration
 f - 3 chunks of flesh


   Skills:
 + Level 6.4 Fighting
 + Level 0.2 Short Blades
 + Level 0.2 Long Blades
 + Level 6.4 Axes
 + Level 0.2 Maces & Flails
 + Level 0.2 Polearms
 + Level 0.2 Staves
 + Level 0.2 Slings
 + Level 0.2 Bows
 + Level 0.2 Crossbows
 + Level 0.2 Throwing
 + Level 4.4 Armour
 + Level 4.4 Dodging
 + Level 0.2 Stealth
 + Level 0.2 Shields
 + Level 0.2 Unarmed Combat
 + Level 0.2 Spellcasting
 + Level 0.1 Conjurations
 + Level 0.1 Hexes
 + Level 0.1 Charms
 + Level 0.1 Summonings
 + Level 0.1 Necromancy
 + Level 0.1 Translocations
 + Level 0.1 Transmutations
 + Level 0.1 Fire Magic
 + Level 0.1 Ice Magic
 + Level 0.1 Air Magic
 + Level 0.1 Earth Magic
 + Level 0.1 Poison Magic
 + Level 0.3 Invocations
 + Level 0.2 Evocations


You had one spell level left.
You didn't know any spells.
Your spell library was empty.

Dungeon Overview and Level Annotations

Branches:
Dungeon (1/15)

Altars:


Innate Abilities, Weirdness & Mutations

Your experience applies equally to all skills.
You have very sharp teeth.
Your uncanny sense of smell can sniff out nearby items.


Message History

A leopard gecko comes into view.
The leopard gecko hisses angrily.
The hobgoblin misses you.
You hit the hobgoblin but do no damage. The hobgoblin hits you with a +0 club!
You hit the hobgoblin but do no damage. Your bite misses the hobgoblin.
The hobgoblin closely misses you.
You slash the leopard gecko!
You kill the leopard gecko!
Trog accepts your kill.
You hit the hobgoblin.
You kill the hobgoblin!
Trog accepts your kill.
You have reached level 2!
You butcher the leopard gecko corpse.
f - 3 chunks of flesh (gained 2)
You see here a leopard gecko skeleton. x2
You see here a +0 club.
A giant cockroach comes into view.
There isn't anything here!
Are you sure you want to abandon this character and quit the game? (Confirm with "yes".)

.. .# ..#∆
#####..# s
#......#.#
#........#
..########......#∆
...........@....#
.###..)##..#####
#.÷.###.....#
#...###.###.#
#......(..#
#...###...# ###
#...# #...# ..#
#...# #...###.#
#...# #....##.#


You could see a giant cockroach (asleep).

Vanquished Creatures
  A leopard gecko (D:1)
  A ball python (D:1)
  A hobgoblin (D:1)
  A bat (D:1)
  A goblin (D:1)
  A kobold (D:1)
6 creatures vanquished.

Notes
Turn   | Place    | Note
-------+----------+-------------------------------------------
     0 | D:1      | Jonnyslop the Gnoll Berserker began the quest for the Orb.
     0 | D:1      | Reached XP level 1. HP: 23/23 MP: 1/1
   128 | D:1      | Reached XP level 2. HP: 21/29 MP: 2/2
   220 | D:1      | Quit the game

Illustrated notes

Levels and vault maps discovered:
D:1:      tarquinn_simple_flora_water_a, layout_basic, minmay_hexomino_f4

Action                   || total
-------------------------++-------
Melee: Hand axe          ||    13
       Bite              ||     2
Armor: Animal skin       ||     4
Dodge: Dodged            ||     5
